 Dungeon Crawl Stone Soup version 0.21-a0-344-g2144152 (webtiles) character file.

789 tidbits the Charmwright (level 7, -8/56 HPs)
             Began as a Gnoll Skald on Oct 4, 2017.
             Mangled by an ogre
             ... wielding a +0 giant spiked club
              (20 damage)
             ... on level 5 of the Dungeon.
             The game lasted 00:09:35 (1547 turns).

tidbits the Charmwright (Gnoll Skald)               Turns: 1547, Time: 00:09:36

Health: -8/56      AC:  9    Str: 13    XL:     7   Next: 87%
Magic:  1/15       EV: 15    Int: 17    God:
Gold:   282        SH:  0    Dex: 15    Spells: 6/17 levels left

rFire    + . .     SeeInvis .   a - +0 hand axe
rCold    . . .     Gourm    .   (no shield)
rNeg     . . .     Faith    .   B - +1 leather armour {rF+}
rPois    .         Spirit   .   E - +0 helmet
rElec    .         Reflect  .   (no cloak)
rCorr    .         Harm     .   G - +1 pair of gloves {archery}
MR       .....                  F - +0 pair of boots
Stlth    ++........             v - amulet of rage
HPRegen  1.18/turn              (no ring)
MPRegen  0.14/turn              (no ring)

@: regenerating
A: distributed training, fangs 1, strong nose
a: Evoke Berserk Rage


You were on level 5 of the Dungeon.
You were very hungry.

You visited 1 branch of the dungeon, and saw 5 of its levels.

You collected 282 gold pieces.

Inventory:

Hand Weapons
 a - a +0 hand axe (weapon)
 b - a +0 quarterstaff
 l - a +0 short sword
 q - a +1 vampiric short sword
   (You found it on level 1 of the Dungeon)
 z - a +1 short sword of venom
   (You took it off an orc on level 5 of the Dungeon)
Missiles
 f - 38 stones (quivered)
 i - 2 throwing nets {!f}
 o - 63 arrows
Armour
 p - a +0 leather armour
 y - a +0 ring mail
 B - a +1 leather armour of fire resistance (worn)
   (You found it on level 5 of the Dungeon)
 E - a +0 helmet (worn)
 F - a +0 pair of boots (worn)
 G - a +1 pair of gloves of archery (worn)
   (You found it on level 3 of the Dungeon)
Jewellery
 v - an amulet of rage (around neck)
   (You found it on level 4 of the Dungeon)
Scrolls
 g - 2 scrolls of fear
 m - a scroll of amnesia {unknown}
 r - 2 scrolls of remove curse
 s - 2 scrolls of magic mapping {unknown}
 t - a scroll of enchant armour {unknown}
 w - a scroll of noise {unknown}
 C - a scroll of teleportation {unknown}
 D - a scroll of blinking {unknown}
Potions
 e - 2 potions of curing
 h - 2 potions of brilliance
 k - a potion of heal wounds
 n - a potion of might
 x - a potion of degeneration {unknown}
Books
 c - a book of Battle

   Spells                             Type                      Level
   a - Infusion                       Charms                       1
   b - Shroud of Golubria             Charms/Translocation         2
   c - Song of Slaying                Charms                       2
   d - Spectral Weapon                Hexes/Charms                 3
   e - Regeneration                   Charms/Necromancy            3
Comestibles
 d - a bread ration
 j - a royal jelly
 A - a fruit


   Skills:
 + Level 5.3 Fighting
 + Level 2.7 Short Blades
 + Level 2.7 Long Blades
 + Level 5.3 Axes
 + Level 2.7 Maces & Flails
 + Level 2.7 Polearms
 + Level 2.7 Staves
 + Level 2.7 Slings
 + Level 2.7 Bows
 + Level 2.7 Crossbows
 + Level 2.7 Throwing
 + Level 3.8 Armour
 + Level 5.3 Dodging
 + Level 2.7 Stealth
 + Level 2.7 Shields
 + Level 2.7 Unarmed Combat
 + Level 5.7 Spellcasting
 + Level 2.7 Conjurations
 + Level 2.7 Hexes
 + Level 7.1 Charms
 + Level 2.7 Summonings
 + Level 2.7 Necromancy
 + Level 2.7 Translocations
 + Level 2.7 Transmutations
 + Level 2.7 Fire Magic
 + Level 2.7 Ice Magic
 + Level 2.7 Air Magic
 + Level 2.7 Earth Magic
 + Level 2.7 Poison Magic
 + Level 2.7 Invocations
 + Level 2.7 Evocations


You had 6 spell levels left.
You knew the following spells:

 Your Spells              Type           Power        Failure   Level  Hunger
g - Shroud of Golubria    Chrm/Tloc      ###.......   3%          2    #......
i - Infusion              Chrm           ####         1%          1    None
r - Regeneration          Chrm/Necr      ###.......   6%          3    ##.....
s - Song of Slaying       Chrm           ####....     1%          2    #......
w - Spectral Weapon       Hex/Chrm       ###.....     6%          3    ##.....


Dungeon Overview and Level Annotations

Branches:
Dungeon (5/15)
 Temple: D:4-7

Altars:
Gozag
Kikubaaqudgha
Nemelex Xobeh
Zin


Innate Abilities, Weirdness & Mutations

Your experience applies equally to all skills.
You have very sharp teeth.
Your uncanny sense of smell can sniff out nearby items.


Message History

* * * LOW HITPOINT WARNING * * *
The worker ant bites your spectral weapon.
Your spectral weapon shares its damage with you!
* * * LOW HITPOINT WARNING * * *
The howler monkey hits your spectral weapon.
Your spectral weapon shares its damage with you!
Your spectral weapon fades away.
* * * LOW HITPOINT WARNING * * *
The howler monkey howls!
As you read the scroll labeled SAOV TINTUTTU, it crumbles to dust.
You assume a fearsome visage.
The goblin looks frightened! x5
The phantom is unaffected.
The howler monkey looks frightened!
The worker ant looks frightened!
It was a scroll of fear.
You hear a shout!
The goblin moans, "Oh dear!
Oh dear!"
The howler monkey hoots and howls with incredible vigour!
An ogre comes into view. It is wielding a giant spiked club.
Cornered, the goblin turns to fight!
Cornered, the howler monkey turns to fight!
The phantom blinks!
Cornered, the goblin turns to fight! x4
The howler monkey hoots and howls with incredible vigour!
You hear an angry hiss.
You aren't carrying any items that you can evoke.
Unknown command.
Casting: Regeneration
Confirm with . or Enter, or press ? or * to list all spells.
You draw out your weapon's spirit!
The howler monkey completely misses you.
You hit the phantom.
You destroy the phantom!
You closely miss the howler monkey.
The howler monkey hoots and howls with incredible vigour!
You hear an angry hiss.
You hear a shout!
You slash the howler monkey!
You kill the howler monkey!
Your skin is crawling a little less now.
You barely miss the goblin.
Your spectral weapon hits the goblin.
You kill the goblin!
You barely miss the goblin.
Your spectral weapon closely misses the goblin.
The goblin hits you but does no damage.
You closely miss the goblin.
Your spectral weapon hits the goblin.
You hit the goblin.
You kill the goblin!
You hit the goblin. The goblin barely misses you.
An adder comes into view.
You completely miss the goblin.
The adder hisses angrily.
Your bite misses the goblin. You hit the goblin but do no damage.
Your skin stops crawling.
Your spectral weapon barely misses the goblin.
The goblin completely misses you.
Casting: Spectral Weapon
Confirm with . or Enter, or press ? or * to list all spells.
Your skin crawls.
The goblin closely misses you. The goblin hits you but does no damage.
A goblin comes into view. It is wielding a club.
You hit the goblin.
You kill the goblin!
You hit the goblin. x2
You hear the quick hiss of a very distant avalanche of sand.
The goblin misses you. x2
Casting: Regeneration
Confirm with . or Enter, or press ? or * to list all spells.
Space distorts slightly along a thin shroud covering your body.
The adder bites your spectral weapon but does no damage.
The goblin barely misses you. x2
A goblin comes into view. It is wielding a dagger.
You hit the ogre.
The ogre is lightly wounded.
You barely miss the goblin. You miss the goblin.
Your spectral weapon fades away.
The goblin barely misses you. The goblin hits you but does no damage.
Your shroud bends the ogre's attack away!
You hit the ogre.
The ogre is lightly wounded.
You hit the goblin.
You kill the goblin!
You hit the adder but do no damage. You hit the goblin.
You kill the goblin!
The adder closely misses you. The ogre misses you.
Casting: Shroud of Golubria
Confirm with . or Enter, or press ? or * to list all spells.
You draw out your weapon's spirit!
The adder completely misses you.
You hit the goblin but do no damage. You punch the goblin.
You kill the goblin!
You closely miss the adder. You closely miss the goblin.
You barely miss the ogre. The adder bites you but does no damage.
The ogre hits you with a giant spiked club!!
* * * LOW HITPOINT WARNING * * *
Your shroud falls apart!
The adder bites you but does no damage. The goblin barely misses you.
You barely miss the ogre.
The ogre is lightly wounded.
You hit the goblin.
You kill the goblin!
You hit the adder.
Your spectral weapon hits the ogre.
The adder misses you.
The ogre hits you with a giant spiked club!!
You die...

... ....########.##...#
......#.................
#.##.....######.........
##.##....... ..#.##......
########.........####.#.####...#
#......W.#............#.# #...#
#.#.####.........# #..#.## #####
#.#.# ##.##..O)S# #.....# #.###
#.....(@.# #.##).# ##.#
#######.#.## #.##..# .W.# ∆
Oggg......# #.##.W# ##.# ∆
########### #.##..# ##.# #.##...
#..# ##.###..# #.##
######...##..# #.#
.........##..# #.# ∆
#####....##..#


You could see an ogre, an adder and a friendly spectral hand axe.

Vanquished Creatures
  Grinder (D:4)
  2 phantoms (D:5)
  A scorpion (D:5)
  A howler monkey (D:5)
  A crimson imp (D:5)
  An orc priest (D:5)
  3 orc wizards (D:5)
  A worker ant (D:4)
  A hound zombie (D:3)
  5 adders
  A shadow imp (D:5)
  An ooze (D:2)
  A worm (D:2)
  2 dart slugs
  2 leopard geckos
  9 orcs (D:5)
  2 giant cockroaches
  12 goblins
  8 hobgoblins
  6 jackals
  3 kobolds
  A quokka (D:3)
  A ball python (D:1)
  9 bats
  8 frilled lizards
  A jackal skeleton (D:5)
  8 rats
92 creatures vanquished.

Vanquished Creatures (others)
  4 spectral weapons (D:5)
4 creatures vanquished.

Grand Total: 96 creatures vanquished

Notes
Turn   | Place    | Note
-------+----------+-------------------------------------------
     0 | D:1      | tidbits the Gnoll Skald began the quest for the Orb.
     0 | D:1      | Reached XP level 1. HP: 20/20 MP: 6/6
    92 | D:1      | Reached XP level 2. HP: 26/26 MP: 1/7
    98 | D:1      | Learned a level 2 spell: Song of Slaying
   101 | D:1      | Learned a level 2 spell: Shroud of Golubria
   234 | D:1      | Reached XP level 3. HP: 14/31 MP: 0/9
   239 | D:1      | Learned a level 3 spell: Regeneration
   243 | D:1      | Learned a level 3 spell: Spectral Weapon
   300 | D:1      | Reached skill level 5 in Spellcasting
   528 | D:2      | Reached skill level 1 in Short Blades
   528 | D:2      | Reached skill level 1 in Long Blades
   528 | D:2      | Reached skill level 1 in Maces & Flails
   528 | D:2      | Reached skill level 1 in Polearms
   528 | D:2      | Reached skill level 1 in Staves
   528 | D:2      | Reached skill level 1 in Slings
   528 | D:2      | Reached skill level 1 in Bows
   528 | D:2      | Reached skill level 1 in Crossbows
   528 | D:2      | Reached skill level 1 in Throwing
   528 | D:2      | Reached skill level 1 in Stealth
   528 | D:2      | Reached skill level 1 in Shields
   528 | D:2      | Reached skill level 1 in Unarmed Combat
   528 | D:2      | Reached skill level 1 in Conjurations
   528 | D:2      | Reached skill level 1 in Hexes
   528 | D:2      | Reached skill level 1 in Summonings
   528 | D:2      | Reached skill level 1 in Necromancy
   528 | D:2      | Reached skill level 1 in Translocations
   528 | D:2      | Reached skill level 1 in Transmutations
   528 | D:2      | Reached skill level 1 in Fire Magic
   528 | D:2      | Reached skill level 1 in Ice Magic
   528 | D:2      | Reached skill level 1 in Air Magic
   528 | D:2      | Reached skill level 1 in Earth Magic
   528 | D:2      | Reached skill level 1 in Poison Magic
   528 | D:2      | Reached skill level 1 in Invocations
   528 | D:2      | Reached skill level 1 in Evocations
   528 | D:2      | Reached XP level 4. HP: 37/38 MP: 3/11
   635 | D:2      | Found an opulent altar of Gozag.
   885 | D:3      | Reached XP level 5. HP: 43/43 MP: 6/12
  1091 | D:5      | Entered Level 5 of the Dungeon
  1091 | D:5      | Noticed a phantom
  1114 | D:5      | Reached skill level 3 in Armour
  1162 | D:5      | Killed a phantom
  1162 | D:5      | Reached XP level 6. HP: 24/50 MP: 2/14
  1254 | D:5      | Reached skill level 5 in Fighting
  1254 | D:5      | Reached skill level 2 in Short Blades
  1254 | D:5      | Reached skill level 2 in Long Blades
  1254 | D:5      | Reached skill level 5 in Axes
  1254 | D:5      | Reached skill level 2 in Maces & Flails
  1254 | D:5      | Reached skill level 2 in Polearms
  1254 | D:5      | Reached skill level 2 in Staves
  1254 | D:5      | Reached skill level 2 in Slings
  1254 | D:5      | Reached skill level 2 in Bows
  1254 | D:5      | Reached skill level 2 in Crossbows
  1254 | D:5      | Reached skill level 2 in Throwing
  1254 | D:5      | Reached skill level 5 in Dodging
  1254 | D:5      | Reached skill level 2 in Stealth
  1254 | D:5      | Reached skill level 2 in Shields
  1254 | D:5      | Reached skill level 2 in Unarmed Combat
  1254 | D:5      | Reached skill level 2 in Conjurations
  1254 | D:5      | Reached skill level 2 in Hexes
  1254 | D:5      | Reached skill level 2 in Summonings
  1254 | D:5      | Reached skill level 2 in Necromancy
  1254 | D:5      | Reached skill level 2 in Translocations
  1254 | D:5      | Reached skill level 2 in Transmutations
  1254 | D:5      | Reached skill level 2 in Fire Magic
  1254 | D:5      | Reached skill level 2 in Ice Magic
  1254 | D:5      | Reached skill level 2 in Air Magic
  1254 | D:5      | Reached skill level 2 in Earth Magic
  1254 | D:5      | Reached skill level 2 in Poison Magic
  1254 | D:5      | Reached skill level 2 in Invocations
  1254 | D:5      | Reached skill level 2 in Evocations
  1312 | D:5      | Noticed a phantom
  1350 | D:4      | Noticed Grinder
  1363 | D:4      | Killed Grinder
  1363 | D:4      | Reached skill level 7 in Charms
  1363 | D:4      | Reached XP level 7. HP: 29/56 MP: 1/15
  1377 | D:4      | Found an ancient bone altar of Kikubaaqudgha.
  1377 | D:4      | Found a glowing silver altar of Zin.
  1380 | D:4      | Found a sparkling altar of Nemelex Xobeh.
  1518 | D:5      | HP: 5/56 [poisoned by a scorpion]
  1547 | D:5      | Mangled by an ogre

Vault maps used:
D:1:      dpeg_arrival_water_temple_mockup
D:2:      nicolae_gozag_cash_rules_everything_around_me
D:3:      minmay_diamond_boxcup
D:4:      nicolae_overflow_hidden_temple, minmay_temple_entry_overgrown,
          first_bread, uniq_grinder
D:5:      lemuel_coloured_pillars_altar, chequers_ossuary_entry_cave,
          minmay_ogre_servants

Skill      XL: |  1  2  3  4  5  6 |
---------------+-------------------+-----
Spellcasting   | 5 |  5.7
Short Blades   | 1 2 |  2.7
Long Blades    | 1 2 |  2.7
Maces & Flails | 1 2 |  2.7
Polearms       | 1 2 |  2.7
Staves         | 1 2 |  2.7
Slings         | 1 2 |  2.7
Bows           | 1 2 |  2.7
Crossbows      | 1 2 |  2.7
Throwing       | 1 2 |  2.7
Stealth        | 1 2 |  2.7
Shields        | 1 2 |  2.7
Unarmed Combat | 1 2 |  2.7
Conjurations   | 1 2 |  2.7
Hexes          | 1 2 |  2.7
Summonings     | 1 2 |  2.7
Necromancy     | 1 2 |  2.7
Translocations | 1 2 |  2.7
Transmutations | 1 2 |  2.7
Fire Magic     | 1 2 |  2.7
Ice Magic      | 1 2 |  2.7
Air Magic      | 1 2 |  2.7
Earth Magic    | 1 2 |  2.7
Poison Magic   | 1 2 |  2.7
Invocations    | 1 2 |  2.7
Evocations     | 1 2 |  2.7
Armour         | 3 |  3.8
Fighting       | 5 |  5.3
Axes           | 5 |  5.3
Dodging        | 5 |  5.3
Charms         | 7 |  7.1

Action                   |  1- 3 |  4- 6 |  7- 9 || total
-------------------------+-------+-------+-------++-------
Melee: Hand axe          |    79 |   127 |    43 ||   249
       Bite              |     7 |     9 |     3 ||    19
       Punch             |       |     1 |     2 ||     3
 Cast: Infusion          |     8 |     6 |       ||    14
       Shroud of Golubri |     1 |     5 |     1 ||     7
       Regeneration      |     1 |     5 |     3 ||     9
       Spectral Weapon   |       |     9 |     5 ||    14
  Use: Scroll            |       |     5 |     1 ||     6
       Potion            |       |       |     1 ||     1
 Stab: Sleeping          |     1 |     2 |       ||     3
  Eat: Chunk             |       |     3 |       ||     3
Armor: Leather armour    |    21 |    21 |    16 ||    58
       Ring mail         |       |    23 |       ||    23
Dodge: Dodged            |    81 |    91 |    28 ||   200

Table legend:
 A = Spawn XP
 B = Non-spawn XP
 C = Spawn XP percentage of total XP
 D = Spawn monster count
 E = Non-spawn monster count
 F = Spawn count percentage of total count
 G = Total turns spent on level
                    A         B        C        D         E        F      G
               +---------+---------+-------+---------+---------+-------+---------
         Total |       0 |    1128 |   0.0 |       0 |      92 |   0.0 |  1547
               +---------+---------+-------+---------+---------+-------+---------
           D:1 |       0 |      54 |   0.0 |       0 |      31 |   0.0 |   434
           D:2 |       0 |      54 |   0.0 |       0 |      13 |   0.0 |   263
           D:3 |       0 |      72 |   0.0 |       0 |      18 |   0.0 |   338
           D:4 |       0 |     309 |   0.0 |       0 |       3 |   0.0 |    87
           D:5 |       0 |     639 |   0.0 |       0 |      27 |   0.0 |   425
               +---------+---------+-------+---------+---------+-------+---------

Table legend:
 A = Turns spent in this place as a percentage of turns spent in the entire game.
 B = Non-inter-level travel turns spent in this place as a percentage of non-inter-level travel turns spent in the entire game.
 C = Inter-level travel turns spent in this place as a percentage of turns spent in this place.
 D = Turns resting spent in this place as a percentage of non-inter-level travel turns spent in this place.
 E = Turns spent auto-exploring this place as a percentage of non-inter-level travel turns spent in this place.
 F = Non-inter-level travel turns spent in this place divided by the number of levels of this place that you've seen.
                   A       B       C       D       E      F
               +-------+-------+-------+-------+-------+----------------------
         Total | 100.0 | 100.0 |   1.1 |   0.0 |   0.0 | 306.0
       Dungeon | 100.0 | 100.0 |   1.1 |   0.0 |   0.0 | 306.0
               +-------+-------+-------+-------+-------+----------------------

Table legend:
 A = Kills in this place as a percentage of kills in entire the game.
 B = Kills by you in this place as a percentage of kills by you in the entire game.
 C = Kills by friends in this place as a percentage of kills by friends in the entire game.
 D = Other kills in this place as a percentage of other kills in the entire game.
 E = Experience gained in this place as a percentage of experience gained in the entire game.
 F = Experience gained in this place divided by the number of levels of this place that you have seen.
                   A       B       C       D       E      F
               +-------+-------+-------+-------+-------+----------------------
         Total | 100.0 | 100.0 |   N/A |   N/A | 100.0 | 225.6
       Dungeon | 100.0 | 100.0 |   N/A |   N/A | 100.0 | 225.6
               +-------+-------+-------+-------+-------+----------------------

Vault maps used:
D:1:      dpeg_arrival_water_temple_mockup
D:2:      nicolae_gozag_cash_rules_everything_around_me
D:3:      minmay_diamond_boxcup
D:4:      nicolae_overflow_hidden_temple, minmay_temple_entry_overgrown,
          first_bread, uniq_grinder
D:5:      lemuel_coloured_pillars_altar, chequers_ossuary_entry_cave,
          minmay_ogre_servants
